 Dungeon Crawl Stone Soup version 0.23-a0-321-g6bcb69f (webtiles) character file.

1456 epen the Covert (level 8, -6/64 HPs)
             Began as a Gnoll Assassin on Oct 15, 2018.
             Killed by divine providence
             ... invoked by an orc priest
              (16 damage)
             ... on level 6 of the Dungeon.
             The game lasted 00:09:35 (7053 turns).

epen the Covert (Gnoll Assassin)                    Turns: 7053, Time: 00:09:36

Health: -6/64      AC:  3    Str: 14    XL:     8   Next: 76%
Magic:  12/13      EV: 15    Int: 14    God:
Gold:   276        SH:  0    Dex: 18    Spells: 12/14 levels left

rFire    . . .     SeeInvis .   o - +1 short sword (vamp)
rCold    . . .     Gourm    .   (no shield)
rNeg     . . .     Faith    .   c - +0 robe
rPois    .         Spirit   .   (no helmet)
rElec    .         Reflect  .   d - +0 cloak
rCorr    .         Harm     .   (no gloves)
MR       .....                  (no boots)
Stlth    ++++++....             (no amulet)
HPRegen  0.20/turn              t - ring of stealth
MPRegen  0.13/turn              z - ring of stealth

@: no status effects
A: distributed training, fangs 1, strong nose
a: no special abilities


You were on level 6 of the Dungeon.
You were not hungry.

You visited 2 branches of the dungeon, and saw 8 of its levels.

You collected 276 gold pieces.

Inventory:

Hand Weapons
 a - a +2 dagger
 b - a +0 blowgun
 o - a +1 vampiric short sword (weapon)
Missiles
 e - 32 poisoned needles
 f - 2 curare-tipped needles
Armour
 c - a +0 robe (worn)
 d - a +0 cloak (worn)
Jewellery
 t - a ring of stealth (left hand)
 v - an uncursed ring of wizardry
 z - a ring of stealth (right hand)
Wands
 p - a wand of disintegration (3)
 s - a wand of acid (9)
 y - a wand of flame (24)
 B - a wand of clouds (3)
Scrolls
 i - a scroll of teleportation
 j - 2 scrolls of fog {unknown}
 k - 5 scrolls of remove curse {unknown}
 l - 2 scrolls of fear {unknown}
 m - 2 scrolls of identify {unknown}
 n - 2 scrolls of blinking {unknown}
 q - a scroll of amnesia {unknown}
 x - a scroll of magic mapping {unknown}
Potions
 h - a potion of heal wounds {unknown}
 r - a potion of curing
 u - 2 potions of mutation {unknown}
 w - a potion of invisibility {unknown}
 A - 2 potions of flight {unknown}
 C - a potion of brilliance {unknown}
Comestibles
 g - 6 rations
 D - 2 chunks of flesh


   Skills:
 + Level 5.8 Fighting
 + Level 5.8 Short Blades
 + Level 3.5 Long Blades
 + Level 3.5 Axes
 + Level 3.5 Maces & Flails
 + Level 3.5 Polearms
 + Level 3.5 Staves
 + Level 3.5 Slings
 + Level 3.5 Bows
 + Level 3.5 Crossbows
 + Level 5.8 Throwing
 + Level 3.5 Armour
 + Level 4.4 Dodging
 + Level 8.6 Stealth
 + Level 3.5 Shields
 + Level 3.5 Unarmed Combat
 + Level 3.5 Spellcasting
 + Level 2.8 Conjurations
 + Level 2.8 Hexes
 + Level 2.8 Charms
 + Level 2.8 Summonings
 + Level 2.8 Necromancy
 + Level 2.8 Translocations
 + Level 2.8 Transmutations
 + Level 2.8 Fire Magic
 + Level 2.8 Ice Magic
 + Level 2.8 Air Magic
 + Level 2.8 Earth Magic
 + Level 2.8 Poison Magic
 + Level 3.8 Invocations
 + Level 3.5 Evocations


You had 12 spell levels left.
You knew the following spells:

 Your Spells              Type           Power        Failure   Level  Hunger
a - Apportation           Tloc           ##....       6%          1    #......
b - Summon Small Mammal   Summ           ##..         6%          1    #......

Your spell library contained the following spells:

 Spells                   Type           Power        Failure   Level  Hunger
 Animate Skeleton         Necr           N/A          6%          1    #......
 Confusing Touch          Hex            ##....       6%          1    #......


Dungeon Overview and Level Annotations

Branches:
Dungeon (7/15)             Temple (1/1) D:5

Altars:
Ashenzari
Elyvilon
Gozag
Hepliaklqana
Makhleb
Ru
Sif Muna
Trog
Uskayaw
Vehumet
Wu Jian
Yredelemnul
Zin

Annotations:
D:4 2 transporters, feelmyfire's ghost, novice DsSk
D:6 Prince Ribbit


Innate Abilities, Weirdness & Mutations

Your experience applies equally to all skills.
You have very sharp teeth.
Your uncanny sense of smell can sniff out nearby items.


Message History

The orc priest hits you with a +0 dagger.
You hit the orc priest.
You feel better.
The orc priest is moderately wounded.
Your bat hits the orc priest but does no damage.
The orc priest closely misses you.
The orc warrior hits you from afar with a +0 halberd!!
* * * LOW HITPOINT WARNING * * *
Your bat hits the orc priest but does no damage. x3
The orc priest hits your bat with a +0 dagger.
You feel better.
Your bat hits the orc priest.
Your bat barely misses the orc priest.
The orc priest calls down the wrath of Beogh upon you.
You struggle to resist.
The orc warrior closely misses you.
The orc priest looks encouraged for a moment.
Your bat completely misses the orc priest.
Your bat hits the orc priest but does no damage.
Your bat hits the orc priest.
The orc priest invokes the aid of Beogh against you.
Beogh smites you!
You die...

###############
#......>......#
#.###########.# #########
#.# #.#
........###.####### #.#
.######...........# #.#
(## #...........#.# #.#
..###.#####.###.#.## #.#
......# #......@..## #.#
......# #..###.#.b.# #.#
.#...## #..# #o#o.## #.#
.##.## #..# #.#o.# #.#
.##.######..###.#..####.#
.##.....................#
.##############.#..######
.รท...# #.#..#
.###.#####.## #.#..#
######


You could see an orc warrior, an orc priest, an orc wizard and a friendly bat.

Vanquished Creatures
  Sigmund (D:3)
  Edmund (D:6)
  An ice beast (D:6)
  A black bear (D:7)
  A necrophage (D:5)
  A phantom (D:5)
  2 ogres
  A bullfrog (D:4)
  A jelly (D:5)
  2 bullfrog skeletons
  An orc wizard (D:7)
  A hound (D:7)
  A centaur skeleton (D:5)
  5 worker ants
  A howler monkey zombie (D:5)
  A worker ant zombie (D:5)
  4 gnolls
  10 adders
  A shadow imp (D:5)
  3 oozes
  An adder skeleton (D:5)
  An adder zombie (D:5)
  4 worms
  4 dart slugs
  7 leopard geckos
  9 orcs
  8 bats
  7 giant cockroaches
  7 goblins
  6 hobgoblins
  7 jackals (D:2)
  A quokka (D:5)
  A ball python (D:3)
  7 frilled lizards
  A jackal skeleton (D:5)
  8 kobolds
  A leopard gecko skeleton (D:4)
  A quokka zombie (D:5)
  10 rats
  A spectral orc (D:6)
132 creatures vanquished.

Notes
Turn   | Place    | Note
-------+----------+-------------------------------------------
     0 | D:1      | epen the Gnoll Assassin began the quest for the Orb.
     0 | D:1      | Reached XP level 1. HP: 20/20 MP: 1/1
   187 | D:1      | Reached XP level 2. HP: 26/26 MP: 2/2
   573 | D:1      | Reached XP level 3. HP: 31/31 MP: 3/3
   930 | D:2      | Reached skill level 1 in Invocations
   984 | D:2      | Reached skill level 1 in Long Blades
   984 | D:2      | Reached skill level 1 in Axes
   984 | D:2      | Reached skill level 1 in Maces & Flails
   984 | D:2      | Reached skill level 1 in Polearms
   984 | D:2      | Reached skill level 1 in Staves
   984 | D:2      | Reached skill level 1 in Slings
   984 | D:2      | Reached skill level 1 in Bows
   984 | D:2      | Reached skill level 1 in Crossbows
   984 | D:2      | Reached skill level 1 in Armour
   984 | D:2      | Reached skill level 1 in Shields
   984 | D:2      | Reached skill level 1 in Unarmed Combat
   984 | D:2      | Reached skill level 1 in Spellcasting
   984 | D:2      | Reached skill level 1 in Evocations
  1001 | D:2      | Reached XP level 4. HP: 37/38 MP: 5/5
  1439 | D:3      | Reached skill level 1 in Conjurations
  1439 | D:3      | Reached skill level 1 in Hexes
  1439 | D:3      | Reached skill level 1 in Charms
  1439 | D:3      | Reached skill level 1 in Summonings
  1439 | D:3      | Reached skill level 1 in Necromancy
  1439 | D:3      | Reached skill level 1 in Translocations
  1439 | D:3      | Reached skill level 1 in Transmutations
  1439 | D:3      | Reached skill level 1 in Fire Magic
  1439 | D:3      | Reached skill level 1 in Ice Magic
  1439 | D:3      | Reached skill level 1 in Air Magic
  1439 | D:3      | Reached skill level 1 in Earth Magic
  1439 | D:3      | Reached skill level 1 in Poison Magic
  1502 | D:3      | Noticed Sigmund
  1515 | D:3      | Killed Sigmund
  1515 | D:3      | Reached skill level 8 in Stealth
  1515 | D:3      | Reached XP level 5. HP: 43/43 MP: 5/7
  1515 | D:3      | Reached XP level 6. HP: 50/50 MP: 5/8
  1780 | D:3      | Found a glowing silver altar of Zin.
  2101 | D:4      | Reached skill level 5 in Fighting
  2101 | D:4      | Reached skill level 5 in Short Blades
  2101 | D:4      | Reached skill level 5 in Throwing
  2374 | D:4      | Found a transporter.
  2377 | D:4      | Noticed feelmyfire's ghost (novice DsSk)
  2381 | D:4      | Noticed an ice beast
  2458 | D:4      | Found a transporter.
  2461 | D:4      | Learned a level 1 spell: Apportation
  2730 | D:4      | Reached XP level 7. HP: 56/56 MP: 10/10
  3468 | D:5      | Entered Level 5 of the Dungeon
  4440 | D:5      | Found a staircase to the Ecumenical Temple.
  4584 | D:5      | Found a bloodstained altar of Trog.
  4602 | D:5      | Noticed a hand axe
  4603 | D:5      | Noticed a dagger
  4605 | D:5      | Found a hide-covered altar of Uskayaw.
  4661 | D:5      | Reached XP level 8. HP: 52/62 MP: 12/12
  5784 | D:6      | Found a basalt altar of Yredelemnul.
  5844 | D:6      | You fall through a shaft!
  6271 | D:7      | Found a deep blue altar of Sif Muna.
  6583 | Temple   | Entered the Ecumenical Temple
  6791 | D:6      | Noticed Edmund
  6799 | D:6      | Killed Edmund
  6861 | D:6      | Noticed Prince Ribbit
  6979 | D:6      | Learned a level 1 spell: Summon Small Mammal
  7053 | D:6      | Killed from afar by an orc priest

Vault maps used:
D:1:      minmay_arrival_doors
D:3:      zin_scriptorium, uniq_sigmund
D:4:      gammafunk_ghost_arena, minmay_misc_feat_nine_boxes
D:5:      dancing_weapons_uskayaw, overflow_temple_1_default,
          minmay_temple_entry_from_below_a, first_ration, minmay_joined_circles
D:6:      yredelemnul_forgotten_temple_becter, serial_shops, shop,
          lexackson_kobold_supper, uniq_edmund, uniq_prince_ribbit1,
          uniq_grinder
D:7:      basic_altar
Temple:   compressed_dpeg_triangle_lava_temple

Skill      XL: |  1  2  3  4  5  6  7  8 |
---------------+-------------------------+-----
Invocations    | 1 2 3 |  3.8
Long Blades    | 1 2 3 |  3.5
Axes           | 1 2 3 |  3.5
Maces & Flails | 1 2 3 |  3.5
Polearms       | 1 2 3 |  3.5
Staves         | 1 2 3 |  3.5
Slings         | 1 2 3 |  3.5
Bows           | 1 2 3 |  3.5
Crossbows      | 1 2 3 |  3.5
Armour         | 1 2 3 |  3.5
Shields        | 1 2 3 |  3.5
Unarmed Combat | 1 2 3 |  3.5
Spellcasting   | 1 2 3 |  3.5
Evocations     | 1 2 3 |  3.5
Conjurations   | 1 2 |  2.8
Hexes          | 1 2 |  2.8
Charms         | 1 2 |  2.8
Summonings     | 1 2 |  2.8
Necromancy     | 1 2 |  2.8
Translocations | 1 2 |  2.8
Transmutations | 1 2 |  2.8
Fire Magic     | 1 2 |  2.8
Ice Magic      | 1 2 |  2.8
Air Magic      | 1 2 |  2.8
Earth Magic    | 1 2 |  2.8
Poison Magic   | 1 2 |  2.8
Dodging        | 3 4 |  4.4
Stealth        | 8 |  8.6
Fighting       | 5 |  5.8
Short Blades   | 5 |  5.8
Throwing       | 5 |  5.8

Action                   |  1- 3 |  4- 6 |  7- 9 || total
-------------------------+-------+-------+-------++-------
Melee: Dagger            |    55 |       |       ||    55
       Short sword       |    41 |   124 |   285 ||   450
       Bite              |     8 |    12 |    39 ||    59
       Punch             |     1 |       |     3 ||     4
 Cast: Summon Small Mamm |       |       |     3 ||     3
Evoke: Wand              |       |       |     1 ||     1
  Use: Potion            |       |     3 |     1 ||     4
       Scroll            |       |       |     2 ||     2
 Stab: Sleeping          |    18 |    11 |    18 ||    47
       Distracted        |     1 |       |       ||     1
  Eat: Ration            |     2 |       |     2 ||     4
       Chunk             |       |     2 |     8 ||    10
Armor: Robe              |    12 |    23 |    22 ||    57
Dodge: Dodged            |    54 |    80 |   146 ||   280

Table legend:
 A = Non-vault XP
 B = Vault XP
 C = Vault XP percentage of total XP
 D = Non-vault monster count
 E = Vault monster count
 F = Vault count percentage of total count
                 A         B        C        D         E       F
            +---------+---------+-------+---------+---------+-------
      Total |    1512 |     568 |  27.3 |     120 |      12 |   9.1
            +---------+---------+-------+---------+---------+-------
        D:1 |      38 |       0 |   0.0 |      23 |       0 |   0.0
        D:2 |      64 |       0 |   0.0 |      26 |       0 |   0.0
        D:3 |      87 |     223 |  71.9 |      25 |       1 |   3.8
        D:4 |     385 |       0 |   0.0 |      15 |       0 |   0.0
        D:5 |     504 |     191 |  27.5 |      17 |       9 |  34.6
        D:6 |     163 |     154 |  48.6 |       4 |       2 |  33.3
        D:7 |     271 |       0 |   0.0 |      10 |       0 |   0.0
            +---------+---------+-------+---------+---------+-------
